Map: Kairos Junction LE

Players

Bly - Winner!

  • Race: Zerg Zerg
  • Spawn Location: 11:00

Zanster

  • Race: Zerg Zerg
  • Spawn Location: 5:00

Event: 2019 WCS Spring

VOD

Have the link to the VOD?

Description

Time

  • Played on: May 17, 2019, 7:08 a.m.
  • Length: 12:40

All games in this series

Show
View Real Time Build Order
Export as new Build Order

Bly Zerg - Winner!

Build Orders: Pool First 

Get SALT Encoding   

  12  0:16  Spawning Pool  
  11  0:21  Drone  
  11  0:27  Drone  
  13  0:31  Drone  
  14  0:42  Overlord  
  14  1:03  Zergling x4  
  16  1:05  Zergling x2  
  17  1:15  Zergling x2  
  17  1:18  Hatchery  
  17  1:27  Zergling x2  
  18  1:33  Queen  
  20  1:41  Zergling x2  
  21  1:50  Overlord  
  21  1:59  Drone  
  22  2:09  Queen  
  24  2:20  Drone x2  
  25  2:32  Drone x2  
  22  2:40  Drone  
  22  2:42  Drone  
  24  2:44  Queen  
  24  2:50  Zergling x2  
  27  2:54  Drone x2  
  27  2:55  Overlord  
  29  3:02  Drone x2  
  31  3:11  Extractor  
  30  3:22  Drone x2  
  30  3:23  Drone x6  
  38  3:28  Overlord  
  37  3:42  Evolution Chamber  
  37  3:43  Evolution Chamber, Queen  
  37  3:45  Evolution Chamber  
  36  3:49  Zergling x4  
  38  3:56  Roach Warren  
  38  3:59  Drone x2  
  38  4:00  Drone  
  40  4:05  Evolution Chamber  
  39  4:14  Evolution Chamber  
  38  4:20  Drone x2  
  38  4:21  Drone  
  43  4:25  Drone x2  
  43  4:28  Drone  
  46  4:34  Lair  
  46  4:40  Drone x4  
  46  4:42  Extractor  
  46  4:43  Extractor  
  46  4:48  Zerg Missile Weapons Level 1  
  46  4:50  Drone x2  
  46  4:51  Drone x2  
  50  4:55  Drone  
  51  5:02  Overlord  
  51  5:07  Overlord  
  51  5:17  Overlord x3  
  51  5:26  Roach x2  
  51  5:27  Roach x3  
  61  5:31  Glial Reconstitution  
  61  5:34  Roach  
  63  5:36  Overlord  
  63  5:40  Roach x2  
  67  5:45  Roach x2  
  71  5:52  Overlord  
  71  5:54  Overlord  
  71  5:55  Drone x3  
  71  5:56  Extractor  
  73  6:06  Nydus Network  
  72  6:14  Roach x3  
  78  6:25  Roach x3  
  84  6:32  Roach x4  
  92  6:42  Nydus Canal  
  92  6:43  Drone  
  92  6:46  Roach x3  
  97  6:57  Roach, Nydus Canal  
  97  6:58  Roach x2  
  103  7:04  Roach x3  
  109  7:08  Overlord, Queen x2  
  109  7:11  Overlord  
  107  7:28  Roach  
  107  7:29  Roach  
  109  7:30  Roach x5  
  109  7:31  Roach  
  109  7:35  Roach  
  101  7:40  Roach x2  
  93  7:51  Roach x4  
  91  7:55  Roach  
  85  8:00  Roach x3  
  87  8:08  Nydus Canal  
  87  8:14  Roach x3  
  93  8:20  Roach x3  
  93  8:22  Nydus Canal  
  99  8:40  Zerg Missile Weapons Level 2  
  99  8:45  Roach  
  99  8:46  Roach x3  
  99  8:47  Hatchery, Nydus Canal  
  96  9:08  Roach x8  
  110  9:19  Roach x4  
  116  9:35  Roach x3, Spire  
  121  9:46  Overseer x2  
  121  10:03  Roach x4  
  121  10:04  Overlord x2  
  129  10:09  Drone  
  129  10:10  Overlord  
  130  10:16  Nydus Canal  
  120  10:29  Roach x8  
  120  10:30  Nydus Canal  
  128  10:58  Mutalisk x4  
  136  11:11  Mutalisk x2  
  140  11:20  Mutalisk  
  142  11:25  Extractor  
  142  11:26  Extractor  
  142  11:30  Nydus Canal  
  138  11:36  Mutalisk  
  117  11:52  Hatchery  
  105  12:36  Extractor  
Show
View Real Time Build Order
Export as new Build Order

Zanster Zerg 

Build Orders: Pool First 

Get SALT Encoding   

  12  0:18  Spawning Pool  
  11  0:22  Drone  
  11  0:26  Drone  
  13  0:31  Drone  
  14  0:40  Overlord  
  14  1:05  Zergling x6  
  17  1:16  Zergling x2  
  18  1:19  Hatchery  
  17  1:27  Extractor, Zergling x2  
  17  1:34  Queen  
  17  1:39  Zergling x2  
  20  1:48  Drone  
  21  1:59  Zergling x2  
  21  2:14  Overlord  
  20  2:30  Queen  
  20  2:31  Drone x2  
  20  2:32  Drone  
  21  2:39  Metabolic Boost  
  21  2:43  Drone  
  22  2:47  Drone  
  23  2:51  Drone  
  23  2:56  Drone  
  23  2:57  Drone  
  26  3:04  Zergling x4  
  28  3:06  Zergling x2  
  28  3:13  Overlord  
  28  3:16  Zergling x2  
  28  3:18  Zergling x2  
  30  3:21  Zergling x2  
  30  3:24  Zergling x2  
  32  3:28  Zergling x2  
  32  3:32  Zergling x2  
  34  3:42  Zergling x8  
  38  3:49  Zergling x4  
  38  3:52  Overlord  
  40  3:56  Drone x3  
  40  4:00  Drone  
  43  4:09  Drone  
  42  4:12  Drone  
  43  4:18  Drone  
  43  4:20  Drone x3  
  43  4:21  Drone  
  43  4:23  Drone  
  43  4:24  Drone  
  47  4:27  Drone  
  48  4:38  Evolution Chamber, Lair  
  47  4:39  Drone  
  47  4:41  Extractor  
  47  4:43  Drone  
  47  4:44  Drone  
  49  4:47  Overlord  
  49  4:49  Drone  
  49  4:51  Drone  
  51  4:53  Drone  
  51  5:03  Extractor  
  51  5:04  Drone x3  
  51  5:06  Roach Warren, Drone  
  51  5:07  Drone  
  51  5:12  Zerg Missile Weapons Level 1  
  51  5:13  Drone  
  53  5:20  Overlord  
  53  5:22  Drone x3  
  53  5:23  Drone  
  57  5:38  Hatchery  
  57  5:40  Drone  
  57  5:41  Overlord  
  57  5:46  Roach x3  
  63  5:51  Glial Reconstitution  
  63  5:54  Roach x2  
  67  6:00  Roach x3  
  67  6:03  Roach  
  75  6:04  Overlord  
  75  6:13  Roach  
  75  6:17  Roach  
  75  6:18  Overlord  
  76  6:23  Roach x4  
  83  6:31  Overlord x2  
  83  6:41  Roach x4  
  83  6:46  Overlord  
  91  6:52  Roach x3  
  95  6:56  Roach x2  
  95  7:00  Ravager  
  100  7:05  Roach x3  
  104  7:09  Roach  
  104  7:15  Roach x2  
  99  7:23  Roach x3  
  99  7:28  Roach  
  96  7:30  Roach  
  96  7:36  Roach x2  
  85  7:39  Zergling x4  
  85  7:41  Queen  
  75  7:45  Roach  
  75  7:48  Roach  
  73  7:56  Roach  
  73  7:57  Roach x2, Zergling x2  
  78  8:03  Hatchery  
  77  8:09  Roach  
  77  8:10  Roach  
  83  8:12  Roach  
  84  8:20  Roach x3  
  88  8:29  Roach  
  88  8:30  Roach x4  
  88  8:34  Overlord  
  98  8:37  Hatchery  
  98  8:41  Roach  
  99  8:44  Roach  
  99  8:45  Overlord  
  99  8:47  Drone x2  
  103  8:50  Drone  
  103  8:54  Overlord  
  104  8:56  Zerg Missile Weapons Level 2  
  98  9:05  Roach x3  
  98  9:08  Overlord  
  102  9:10  Roach  
  102  9:15  Roach x3  
  108  9:28  Roach  
  108  9:29  Roach x3  
  114  9:33  Hatchery  
  114  9:36  Drone x3  
  116  9:41  Overlord  
  116  9:47  Roach  
  116  9:48  Roach x2  
  116  9:51  Roach  
  124  9:56  Overseer  
  123  10:01  Roach x3  
  128  10:07  Ravager  
  129  10:27  Roach x7  
  131  10:42  Roach x5  
  139  10:52  Roach x3  
  139  10:56  Roach  
  139  10:59  Roach  
  139  11:00  Overlord  
  141  11:07  Roach x3  
  147  11:15  Overlord  
  147  11:22  Hatchery  
  70  12:08  Zergling x10  
Tags
 
Add a new tag
Caveats
  • Supply blocks, unpowered buildings, or Contaminate may cause inaccurate times.
  • Supply counts are checked every 10 seconds.